 Dungeon Crawl Stone Soup version 0.28-a0-1395-g4f6bc678fa (webtiles) character file.

Game seed: 8597621937164109676

30 bande the Shield-Bearer (level 3, -4/23 HPs)
             Began as a Gargoyle Fighter on Jan 5, 2022.
             Slain by an iguana (10 damage)
             ... on level 1 of the Dungeon.
             The game lasted 00:02:31 (1280 turns).

bande the Shield-Bearer (Gargoyle Fighter)          Turns: 1280, Time: 00:02:32

Health: -4/23      AC: 10    Str: 19    XL:     3   Next: 20%
Magic:  3/3        EV:  9    Int:  8    God:
Gold:   100        SH:  4    Dex: 11    Spells: 2/2 levels left

rFire   . . .      SeeInvis .   a - +0 war axe
rCold   . . .      Faith    .   c - +0 buckler
rNeg    + . .      Spirit   .   b - +0 scale mail
rPois   ∞          Reflect  .   (no helmet)
rElec   +          Harm     .   (no cloak)
rCorr   .          Rampage  .   (no gloves)
Will    .....                   (no boots)
Stlth   ..........              (no amulet)
HPRegen 0.07/turn               (no ring)
MPRegen 0.08/turn               (no ring)

@: attractive
A: sickness immunity, AC +3, negative energy resistance 1, electricity
resistance, torment resistance 1, petrification resistance
a: no special abilities


You were on level 1 of the Dungeon.
You visited 1 branch of the dungeon, and saw 2 of its levels.

You collected 100 gold pieces.

Inventory:

Hand Weapons
 a - a +0 war axe (weapon)
Armour
 b - a +0 scale mail (worn)
 c - a +0 buckler (worn)
Jewellery
 f - a +6 ring of strength
Potions
 d - a potion of might


   Skills:
 + Level 3.6 Fighting
 + Level 2.1 Axes
 + Level 3.6 Armour
 - Level 0.1 Dodging
 + Level 3.7 Shields


You had 2 spell levels left.
You didn't know any spells.
Your spell library was empty.

Dungeon Overview and Level Annotations

Branches:
Dungeon (2/15)

Altars:

Shops:
D:1 (*[((


Innate Abilities, Weirdness & Mutations

You are immune to sickness and miasma.
Your stone body is resilient. (AC +3)
You are immune to poison.
You resist negative energy. (rN+)
You are resistant to electric shocks. (rElec)
You are resistant to unholy torment.
You are immune to petrification.


Message History

It was a potion of attraction.
You feel attractive to monsters. The iguana closely misses you.
The rat barely misses you.
It was a potion of ambrosia.
You are confused.
You feel invigorated. The iguana barely misses you.
The rat bites you but does no damage. The iguana bites you!
* * * LOW HITPOINT WARNING * * *
You bump into the rock wall.
The iguana barely misses you. The rat bites you but does no damage.
You closely miss the iguana. You barely miss the rat.
The iguana bites you but does no damage.
The rat barely misses you.
You bump into the rock wall.
The iguana bites you. The rat barely misses you. The iguana bites you.
The iguana bites you but does no damage.
The rat barely misses you.
You hit the rat but do no damage. You barely miss the iguana.
You feel less invigorated.
You feel less confused. The iguana bites you. The rat misses you.
The iguana barely misses you. The rat bites you but does no damage.
You hit the rat.
The rat is heavily wounded.
You barely miss the iguana. The iguana bites you!
The rat completely misses you.
You closely miss the rat.
The rat is heavily wounded.
You hit the iguana but do no damage.
The iguana bites you but does no damage.
The rat bites you but does no damage. The iguana bites you.
* * * LOW HITPOINT WARNING * * *
You slash the rat!
You kill the rat!
You hit the iguana but do no damage. The iguana closely misses you.
The iguana closely misses you.
You see here a rat corpse.
You closely miss the iguana. The iguana bites you!
You die...

..#########.######.#####....##...
...### ##.## #.##.....#.)....
≈≈≈≈≈# #...# #.##.##....##...
P≈≈≈P# #...# #.##.##.########
#P≈P### #...# #............#
##≈##.# #...# ####.#.#..####.#
.'≈'.<# #...# #......#..####.###
##≈##.####...###.##.#......##....
#≈≈♣###.........@.>.#.#..#.##....
♣≈≈≈P##.........l.†..............
≈≈≈≈≈##...............####..#....
..♣#.#####...###......####..#....
####.# #...# ####..##.....#####
####.# #...# #..##.##..# .....#
#...#### #.........####
##########......###.###.....)..##
#........##.##...##..##.#....


You could see an iguana.

Vanquished Creatures
  3 dart slugs
  A bat (D:1)
  4 endoplasms (D:1)
  A giant cockroach (D:1)
  3 goblins (D:1)
  2 hobgoblins (D:1)
  A jackal (D:1)
  2 kobolds (D:1)
  4 frilled lizards (D:1)
  2 rats (D:1)
23 creatures vanquished.

Notes
Turn   | Place    | Note
-------+----------+-------------------------------------------
     0 | D:1      | bande the Gargoyle Fighter began the quest for the Orb.
     0 | D:1      | Reached XP level 1. HP: 14/14 MP: 1/1
    11 | D:1      | Found Niumo's Weapon Shoppe.
   133 | D:1      | Reached XP level 2. HP: 17/19 MP: 2/2
   229 | D:1      | Found Mureess's General Store.
   427 | D:1      | Found Diwneulo's Antique Weapon Boutique.
   451 | D:1      | Found Sesar's Antique Armour Shop.
   511 | D:1      | Found Diat Zecejun's Antique Weapon Shoppe.
  1014 | D:2      | Reached XP level 3. HP: 17/23 MP: 3/3
  1265 | D:1      | HP: 1/23 [iguana (11)]
  1280 | D:1      | Slain by an iguana

Illustrated notes

Levels and vault maps discovered:
D:1:      sevenhm_arrival_forest_fort_small_4, layout_loops_cross, serial_shops,
          nicolae_shop_bloodbath_and_beyond, nicolae_shop_overgrown_old_shop,
          shop, shop_coins, nicolae_shop_advertising_works
          [nicolae_subvault_shop_adworks]
D:2:      layout_loops_ring, shapermc_ecumenical_altar_mp_ritualfount,
          basic_altar, serial_rivers, chequers_serial_rivers_room_b,
          chequers_serial_rivers_small_a, chequers_serial_rivers_micro_a,
          chequers_serial_rivers_small_3, minmay_misc_feat_pillars

Skill      XL: |  1  2 |
---------------+-------+-----
Axes           | 2 |  2.1
Fighting       | |  3.6
Armour         | |  3.6
Dodging        | |  0.1
Shields        | |  3.7

Action                   || total
-------------------------++-------
Melee: War axe           ||    74
  Use: Scroll            ||     3
       Potion            ||     2
Armor: Scale mail        ||    38
Dodge: Dodged            ||    35
Block: Buckler           ||    22

Table legend: (Time is in decaauts)
 A = Elapsed time spent in this place.
 B = Non-inter-level travel time spent in this place.
 C = Inter-level travel time spent in this place.
 D = Time resting spent in this place.
 E = Time spent auto-exploring this place.
 F = Levels seen in this place.
 G = Mean time per level.
                   A        B        C        D        E       F      G
               +--------+--------+--------+--------+--------+-----+--------+
         Total |   1320 |   1320 |      0 |    174 |    888 |   2 |  660.0 |
       Dungeon |   1320 |   1320 |      0 |    174 |    888 |   2 |  660.0 |
               +--------+--------+--------+--------+--------+-----+--------+

Top non-repeatable levels by time:
     D:1: 1237 daAuts
     D:2: 82 daAuts
